 Dungeon Crawl Stone Soup version 0.29.1-12-g30fa7ad0bf (webtiles) character file.

Game seed: 7396585010166879053

554 xzight the Grasshopper (level 7, -4/50 (56) HPs)
             Began as a Gnoll Warper on Dec 27, 2022.
             Slain by a wight
             ... wielding a +6 great sword
              (16 damage)
             ... on level 4 of the Dungeon.
             The game lasted 00:08:53 (4805 turns).

xzight the Grasshopper (Gnoll Warper)               Turns: 4805, Time: 00:08:54

HP:   -4/50 (56)    AC:  9    Str: 10    XL:     7   Next: 30%
MP:   15/15         EV: 13    Int: 15    God:
Gold: 232           SH:  0    Dex: 11    Spells: 17/17 levels left

rFire   . . .      SeeInvis .   a - +0 mace
rCold   . . .      Faith    .   (no shield)
rNeg    . . .      Spirit   .   q - +0 troll leather armour {Pargi}
rPois   .          Reflect  .   e - +0 helmet
rElec   .          Harm     .   n - +0 cloak
rCorr   .          Rampage  .   g - +0 pair of gloves
Will    .....                   u - +0 pair of boots
Stlth   ++........              (no amulet)
HPRegen 0.96/turn               (no ring)
MPRegen 0.14/turn               (no ring)

@: heavily drained
A: fangs 1, strong nose, distributed training
a: no special abilities


You were on level 4 of the Dungeon.
You visited 1 branch of the dungeon, and saw 5 of its levels.
You also visited: Sewer.

You collected 232 gold pieces.


Innate Abilities, Weirdness & Mutations

You have very sharp teeth.
Your uncanny sense of smell can sniff out nearby items.
Your experience applies equally to all skills.


   Skills:
 + Level 5.2 Fighting
 + Level 2.5 Short Blades
 + Level 2.5 Long Blades
 + Level 2.5 Axes
 + Level 5.2 Maces & Flails
 + Level 2.5 Polearms
 + Level 2.5 Staves
 + Level 2.5 Ranged Weapons
 + Level 3.6 Throwing
 + Level 3.6 Armour
 + Level 5.2 Dodging
 + Level 2.5 Stealth
 + Level 2.5 Shields
 + Level 2.5 Unarmed Combat
 + Level 5.6 Spellcasting
 + Level 2.0 Conjurations
 + Level 2.0 Hexes
 + Level 2.0 Summonings
 + Level 2.0 Necromancy
 + Level 5.8 Translocations
 + Level 2.0 Transmutations
 + Level 2.0 Fire Magic
 + Level 2.0 Ice Magic
 + Level 2.0 Air Magic
 + Level 2.0 Earth Magic
 + Level 2.0 Poison Magic
 + Level 2.8 Invocations
 + Level 2.5 Evocations


You had 17 spell levels left.
You didn't know any spells.
Your spell library contained the following spells:

 Spells                   Type           Power      Damage    Failure   Level
 Apportation              Tloc           42%        N/A       1%          1
 Blink                    Tloc           42%        N/A       2%          2
 Gell's Gravitas          Tloc           21%        N/A       5%          3
 Lesser Beckoning         Tloc           21%        N/A       5%          3
 Teleport Other           Tloc           21%        N/A       5%          3
 Magic Dart               Conj           40%        1d5       9%          1
 Necrotise                Necr           40%        1d6       9%          1
 Summon Small Mammal      Summ           40%        N/A       9%          1
 Call Imp                 Summ           10%        N/A       13%         2
 Mephitic Cloud           Conj/Pois/Air  10%        N/A       26%         3
 Manifold Assault         Tloc           21%        N/A       45%         5

Inventory:

Hand Weapons
 a - a +0 mace (weapon)
Missiles
 d - 3 boomerangs of dispersal (quivered) {=f}
 v - 6 boomerangs
Armour
 e - a +0 helmet (worn)
 g - a +0 pair of gloves (worn)
 n - a +0 cloak (worn)
 q - a +0 troll leather armour (worn) {Pargi}
 u - a +0 pair of boots (worn)
Scrolls
 c - a scroll of blinking
 f - a scroll of poison {unknown}
 h - 3 scrolls of teleportation {unknown}
 l - 3 scrolls of identify {unknown}
 o - 2 scrolls of enchant armour {unknown}
 r - a scroll of fear {unknown}
 s - 2 scrolls of enchant weapon {unknown}
 t - a scroll of fog {unknown}
 y - a scroll of noise {unknown}
Potions
 b - a potion of might {unknown}
 i - 3 potions of heal wounds {@q2}
 j - 2 potions of flight {unknown}
 k - a potion of lignification {unknown}
 m - 3 potions of curing {unknown}
 p - a potion of mutation {unknown}
 w - a potion of cancellation {unknown}
 x - a potion of ambrosia {unknown}

Dungeon Overview and Level Annotations

Branches:
Dungeon (5/15)             Temple (0/1) D:5           Sewer (visited)

Altars:
Makhleb
Okawaru
Sif Muna

Shops:
D:4 (

Annotations:
D:5 Sigmund

#......[............##
#.#.......#########.##
#.#.......# #####...
#.#####'### #.......
#. ..#..# #.......
####.#.## #.......
#...#.# #....... #..#
#....... #@## #.......
∆#z# ########


zz# ..## ..# ... # .... # .... # # You could see 3 wights.


Message History

You closely miss the wight.
The wight hits you with a +6 great sword!
You feel drained.
You barely miss the wight.
The wight hits you with a +6 great sword!
You feel drained.
* * * LOW HITPOINT WARNING * * *
You hit the wight but do no damage. The wight closely misses you.
You barely miss the wight.
The wight hits you with a +6 great sword!
* * * LOW HITPOINT WARNING * * *
You hit the wight. Your bite misses the wight.
The wight is heavily damaged.
The wight hits you with a +6 great sword.
* * * LOW HITPOINT WARNING * * *
You hit the wight but do no damage. You punch the wight.
You bite the wight, but do no damage.
The wight is heavily damaged.
The wight hits you with a +6 great sword.
* * * LOW HITPOINT WARNING * * *
You hit the wight but do no damage.
The wight is heavily damaged.
The wight misses you. The wight barely misses you.
You hit the wight but do no damage.
The wight is heavily damaged.
The wight misses you.
You hit the wight but do no damage.
The wight is heavily damaged.
The wight hits you with a +6 great sword!
You die...

Skill      XL: |  1  2  3  4  5  6  7 |
---------------+----------------------+-----
Spellcasting   | 5 |  5.6
Invocations    | 1 2 |  2.8
Short Blades   | 1 2 |  2.5
Long Blades    | 1 2 |  2.5
Axes           | 1 2 |  2.5
Polearms       | 1 2 |  2.5
Staves         | 1 2 |  2.5
Ranged Weapons | 1 2 |  2.5
Stealth        | 1 2 |  2.5
Shields        | 1 2 |  2.5
Unarmed Combat | 1 2 |  2.5
Evocations     | 1 2 |  2.5
Conjurations   | 1 2 |  2.0
Hexes          | 1 2 |  2.0
Summonings     | 1 2 |  2.0
Necromancy     | 1 2 |  2.0
Transmutations | 1 2 |  2.0
Fire Magic     | 1 2 |  2.0
Ice Magic      | 1 2 |  2.0
Air Magic      | 1 2 |  2.0
Earth Magic    | 1 2 |  2.0
Poison Magic   | 1 2 |  2.0
Throwing       | 3 |  3.6
Armour         | 3 |  3.6
Fighting       | 5 |  5.2
Maces & Flails | 5 |  5.2
Dodging        | 5 |  5.2
Translocations | |  5.8

Action                   |  1- 3 |  4- 6 |  7- 9 || total
-------------------------+-------+-------+-------++-------
Melee: Mace              |    95 |   156 |    57 ||   308
       Bite              |     3 |    13 |     3 ||    19
       Punch             |     1 |     5 |     1 ||     7
Throw: Boomerang         |       |     4 |       ||     4
  Use: Potion            |       |     1 |       ||     1
       Scroll            |       |     2 |       ||     2
 Stab: Sleeping          |     2 |     2 |     1 ||     5
Armor: Leather armour    |    28 |    31 |       ||    59
       Troll leather arm |       |    69 |    18 ||    87
Dodge: Dodged            |    56 |   147 |    34 ||   237

Levels and vault maps discovered:
D:1:      amcnicky_arrival_wind_blow, layout_loops_ring, basic_ecumenical_altar
D:2:      layout_rooms, serial_aquarium, aquarium_bridge_straight
          [aquarium_subvault_bridge, aquarium_subvault_window,
          aquarium_subvault_bridge, aquarium_subvault_balcony],
          aquarium_bridge_square [aquarium_subvault_bridge,
          aquarium_subvault_bridge, aquarium_subvault_bridge,
          aquarium_subvault_bridge], aquarium_window_corner,
          aquarium_window_corridor_2, aquarium_window_1, aquarium_window_fake,
          aquarium_view_4, aquarium_view_2d, aquarium_pool_five,
          kennysheep_generic_room_10
D:3:      layout_loops_cross, okawaru_gym_becter, led_sif_book,
          lightli_temple_of_fire, minivault_27
D:4:      wander_river, layout_basic, nicolae_shop_firing_range
D:5:      layout_loops_cross, mainiacjoe_overflow_six_doors_small,
          minmay_temple_entry_trees, gammafunk_ghost_nasty_kobolds,
          portal_sewer_entry_d, minmay_fractal_squares_gapless_5, uniq_sigmund

Notes
Turn   | Place    | Note
-------+----------+-------------------------------------------
     0 | D:1      | xzight the Gnoll Warper began the quest for the Orb.
     0 | D:1      | Reached XP level 1. HP: 20/20 MP: 6/6
   357 | D:1      | Found a faded altar of an unknown god.
   375 | D:1      | Reached XP level 2. HP: 25/26 MP: 7/7
  1251 | D:2      | Reached skill level 5 in Spellcasting
  1251 | D:2      | Reached XP level 3. HP: 31/31 MP: 7/9
  1645 | D:2      | Reached skill level 1 in Invocations
  2158 | D:3      | Found an iron altar of Okawaru.
  2177 | D:3      | Reached skill level 1 in Short Blades
  2177 | D:3      | Reached skill level 1 in Long Blades
  2177 | D:3      | Reached skill level 1 in Axes
  2177 | D:3      | Reached skill level 1 in Polearms
  2177 | D:3      | Reached skill level 1 in Staves
  2177 | D:3      | Reached skill level 1 in Ranged Weapons
  2177 | D:3      | Reached skill level 1 in Stealth
  2177 | D:3      | Reached skill level 1 in Shields
  2177 | D:3      | Reached skill level 1 in Unarmed Combat
  2177 | D:3      | Reached skill level 1 in Evocations
  2322 | D:3      | Reached XP level 4. HP: 29/38 MP: 11/11
  2797 | D:3      | You fall into a shaft and drop 2 floors!
  2797 | D:5      | Entered Level 5 of the Dungeon
  2816 | D:5      | Found a glowing drain.
  2920 | Sewer    | Entered a sewer
  2964 | Sewer    | Reached skill level 1 in Conjurations
  2964 | Sewer    | Reached skill level 1 in Hexes
  2964 | Sewer    | Reached skill level 1 in Summonings
  2964 | Sewer    | Reached skill level 1 in Necromancy
  2964 | Sewer    | Reached skill level 1 in Transmutations
  2964 | Sewer    | Reached skill level 1 in Fire Magic
  2964 | Sewer    | Reached skill level 1 in Ice Magic
  2964 | Sewer    | Reached skill level 1 in Air Magic
  2964 | Sewer    | Reached skill level 1 in Earth Magic
  2964 | Sewer    | Reached skill level 1 in Poison Magic
  3104 | Sewer    | Noticed Pargi
  3123 | Sewer    | Killed Pargi
  3124 | Sewer    | Reached skill level 3 in Throwing
  3124 | Sewer    | Reached skill level 3 in Armour
  3124 | Sewer    | Reached XP level 5. HP: 26/43 MP: 12/12
  3376 | D:5      | Reached skill level 2 in Invocations
  3376 | D:5      | Reached XP level 6. HP: 49/50 MP: 14/14
  3401 | D:5      | Found a staircase to the Ecumenical Temple.
  3401 | D:5      | Noticed Sigmund
  3401 | D:5      | Noticed an ice beast
  3473 | D:4      | Reached skill level 5 in Fighting
  3473 | D:4      | Reached skill level 2 in Short Blades
  3473 | D:4      | Reached skill level 2 in Long Blades
  3473 | D:4      | Reached skill level 2 in Axes
  3473 | D:4      | Reached skill level 5 in Maces & Flails
  3473 | D:4      | Reached skill level 2 in Polearms
  3473 | D:4      | Reached skill level 2 in Staves
  3473 | D:4      | Reached skill level 2 in Ranged Weapons
  3473 | D:4      | Reached skill level 5 in Dodging
  3473 | D:4      | Reached skill level 2 in Stealth
  3473 | D:4      | Reached skill level 2 in Shields
  3473 | D:4      | Reached skill level 2 in Unarmed Combat
  3473 | D:4      | Reached skill level 2 in Evocations
  3510 | D:4      | Noticed a black bear
  3539 | D:4      | Found Vuwn's Firing Range.
  3710 | D:3      | Killed an ice beast
  3847 | D:3      | Found a shimmering blue altar of Sif Muna.
  4143 | D:3      | Found a burning altar of Makhleb.
  4198 | D:4      | Killed a black bear
  4199 | D:4      | Reached XP level 7. HP: 49/56 MP: 15/15
  4537 | D:4      | Reached skill level 2 in Conjurations
  4537 | D:4      | Reached skill level 2 in Hexes
  4537 | D:4      | Reached skill level 2 in Summonings
  4537 | D:4      | Reached skill level 2 in Necromancy
  4537 | D:4      | Reached skill level 2 in Transmutations
  4537 | D:4      | Reached skill level 2 in Fire Magic
  4537 | D:4      | Reached skill level 2 in Ice Magic
  4537 | D:4      | Reached skill level 2 in Air Magic
  4537 | D:4      | Reached skill level 2 in Earth Magic
  4537 | D:4      | Reached skill level 2 in Poison Magic
  4805 | D:4      | Slain by a wight

Vanquished Creatures
  Pargi (Sewer)
  An ice beast (D:3)
  A black bear (D:4)
  A phantom (D:4)
  A scorpion (D:5)
  A hound (D:4)
  5 adders
  3 worms
  11 ball pythons
  4 bats
  6 endoplasms
  A giant cockroach (D:4)
  6 goblins
  5 hobgoblins
  2 jackals (D:1)
  8 quokkas
  7 frilled lizards
  4 kobolds
  A rat (D:1)
69 creatures vanquished.

Table legend: (Time is in decaauts)
 A = Elapsed time spent in this place.
 B = Non-inter-level travel time spent in this place.
 C = Inter-level travel time spent in this place.
 D = Time resting spent in this place.
 E = Time spent auto-exploring this place.
 F = Levels seen in this place.
 G = Mean time per level.
                   A        B        C        D        E       F      G
               +--------+--------+--------+--------+--------+-----+--------+
         Total |   4905 |   4809 |     96 |    639 |   3101 |   6 |  817.5 |
       Dungeon |   4444 |   4348 |     96 |    458 |   2968 |   5 |  888.8 |
         Sewer |    461 |    461 |      0 |    181 |    133 |   1 |  461.0 |
               +--------+--------+--------+--------+--------+-----+--------+

Top non-repeatable levels by time:
     D:3: 1286 daAuts
     D:1: 1147 daAuts
     D:2: 960 daAuts
     D:4: 835 daAuts
   Sewer: 461 daAuts
     D:5: 213 daAuts

Table legend:
 A = Non-vault XP
 B = Vault XP
 C = Vault XP percentage of total XP
 D = Non-vault monster count
 E = Vault monster count
 F = Vault count percentage of total count
                 A         B        C        D         E       F
            +---------+---------+-------+---------+---------+-------
      Total |     621 |     171 |  21.6 |      56 |      13 |  18.8
            +---------+---------+-------+---------+---------+-------
        D:1 |      31 |       0 |   0.0 |      18 |       0 |   0.0
        D:2 |      19 |       2 |   9.5 |      10 |       1 |   9.1
        D:3 |     180 |       0 |   0.0 |      13 |       0 |   0.0
        D:4 |     302 |       0 |   0.0 |      13 |       0 |   0.0
        D:5 |      89 |      14 |  13.6 |       2 |       1 |  33.3
      Sewer |       0 |     155 | 100.0 |       0 |      11 | 100.0
            +---------+---------+-------+---------+---------+-------
